[Event "Titled Tuesday Blitz July 4 Early 2023"]
[White "Ho, In Hei Henry"]
[Black "Nakhbayeva, Guliskhan"]
[WhiteFideId "6002552"]
[BlackFideId "13704788"]
[WhiteElo "2070"]
[BlackElo "2210"]
[Result "0-1"]
[Round "11"]
[TimeControl "180+2"]
[Date "2023.07.04"]
[WhiteClock "0:00:00"]
[BlackClock "0:00:03"]
[Board "147"]

1. e4 e6 2. d4 d5 3. e5 c5 4. c3 Qb6 5. Nf3 Nc6 6. a3 c4 7. Be2 Na5 8. Nbd2 Bd7 9. h4 f5 10. exf6 gxf6 11. O-O O-O-O 12. Re1 Bd6 13. Rb1 Ne7 14. b3 cxb3 15. Nxb3 Ba4 16. Nfd2 Qc7 17. Qc2 Bf4 18. Qa2 Bxd2 19. Nxd2 Qxc3 20. Rb4 Bd7 21. Qb2 Qxb2 22. Bxb2 Nec6 23. Rc1 Kb8 24. Rb5 a6 25. Rbc5 b6 26. R5c2 Kb7 27. Bc3 Rc8 28. Bxa5 Nxa5 29. Rxc8 Rxc8 30. Rxc8 Bxc8 31. Nf3 Kc6 32. g4 Nb3 33. g5 fxg5 34. hxg5 Kd6 35. Bd3 Ke7 36. Bxh7 Kf7 37. Bc2 Na5 38. Ne5+ Kg7 39. f4 Bb7 40. Kf2 Nc6 41. Ke3 Ne7 42. Kf3 b5 43. Kg4 a5 44. f5 exf5+ 45. Bxf5 Nxf5 46. Kxf5 b4 47. axb4 a4 48. Nd3 a3 49. Nc5 a2 50. Nb3 Ba6 0-1


[Site "https://www.chess.com"]

[Event "Titled Tuesday Blitz July 4 Early 2023"]
[White "Guevara Sanchez, Erick Marvin"]
[Black "Torres Dominguez, David"]
[WhiteFideId "6700136"]
[BlackFideId "2220857"]
[WhiteElo "2066"]
[BlackElo "2139"]
[Result "0-1"]
[Round "11"]
[TimeControl "180+2"]
[Date "2023.07.04"]
[WhiteClock "0:02:43"]
[BlackClock "0:02:33"]
[Board "148"]

1. e4 Nc6 2. d4 e5 3. d5 Nce7 4. Nf3 Ng6 5. h4 h5 6. Be2 Bc5 7. Ng5 d6 8. Bxh5 Nf6 9. Bxg6 fxg6 10. Nc3 Ng4 11. Be3 Nxe3 12. fxe3 Qxg5 13. hxg5 Rxh1+ 14. Ke2 Rxd1 15. Rxd1 Bg4+ 16. Kd3 Bxd1 17. Nxd1 Ke7 18. Nf2 Rf8 19. Ke2 0-1


[Site "https://www.chess.com"]

[Event "Titled Tuesday Blitz July 4 Early 2023"]
[White "Iskusnyh, Sergei"]
[Black "Skiadopoulos, Nikolaos"]
[WhiteFideId "4120027"]
[BlackFideId "4200772"]
[WhiteElo "2632"]
[BlackElo "1900"]
[Result "1-0"]
[Round "11"]
[TimeControl "180+2"]
[Date "2023.07.04"]
[WhiteClock "0:00:21"]
[BlackClock "0:00:00"]
[Board "149"]

1. d4 Nf6 2. c4 c5 3. d5 b5 4. cxb5 a6 5. e3 g6 6. Nc3 Bg7 7. a4 O-O 8. e4 d6 9. Nf3 e6 10. dxe6 Bxe6 11. Be2 axb5 12. Bxb5 d5 13. exd5 Nxd5 14. Nxd5 Qxd5 15. O-O Nc6 16. Ra3 Nd4 17. Nxd4 cxd4 18. b3 Rfd8 19. Bc4 Qd6 20. Bxe6 Qxe6 21. Qd3 Rac8 22. Bd2 h5 23. a5 Qd6 24. Ra4 Be5 25. h3 Bh2+ 26. Kh1 Bf4 27. Bxf4 Qxf4 28. a6 Rc3 29. Qxc3 1-0


[Site "https://www.chess.com"]

[Event "Titled Tuesday Blitz July 4 Early 2023"]
[White "Mendez, Ruddy Antonio"]
[Black "HeinichessPY"]
[WhiteFideId "6403387"]
[WhiteElo "2241"]
[BlackElo "2140"]
[Result "0-1"]
[Round "11"]
[TimeControl "180+2"]
[Date "2023.07.04"]
[WhiteClock "0:01:56"]
[BlackClock "0:00:49"]
[Board "150"]

1. d4 Nf6 2. c4 c5 3. d5 b5 4. cxb5 a6 5. b6 d6 6. Nc3 g6 7. Nf3 Bg7 8. g3 O-O 9. Bg2 Nbd7 10. O-O Nxb6 11. Nd2 c4 12. a4 a5 13. Nf3 Bb7 14. e4 Nfd7 15. Bf4 Nc5 16. Nd4 Nd3 17. Bc1 Bxd4 18. Nb5 Bc5 19. Qc2 Nxc1 20. Raxc1 e6 21. Rfd1 exd5 22. exd5 Re8 23. b3 cxb3 24. Qxb3 Qf6 25. Rf1 Re2 26. Bf3 Rb2 27. Qd3 Ba6 28. Kg2 Nxa4 0-1


[Site "https://www.chess.com"]

[Event "Titled Tuesday Blitz July 4 Early 2023"]
[White "Goughfather"]
[Black "Alice, Mateus Felizardo Viageiro"]
[BlackFideId "14800047"]
[WhiteElo "2037"]
[BlackElo "2225"]
[Result "0-1"]
[Round "11"]
[TimeControl "180+2"]
[Date "2023.07.04"]
[WhiteClock "0:00:09"]
[BlackClock "0:00:43"]
[Board "151"]

1. d4 Nf6 2. Nc3 e6 3. Bf4 Bb4 4. Bd2 b6 5. a3 Bxc3 6. Bxc3 Bb7 7. f3 d5 8. e3 O-O 9. Bd3 Nbd7 10. f4 c5 11. Nf3 Ne4 12. Bd2 c4 13. Be2 f5 14. c3 b5 15. g3 a5 16. Ne5 Nxe5 17. fxe5 Qe7 18. O-O g5 19. g4 h6 20. gxf5 exf5 21. Bf3 Qe6 22. Bxe4 dxe4 23. Qe2 f4 24. exf4 e3 25. Qxe3 Qd5 26. Qg3 Kh8 27. f5 Qh1+ 28. Kf2 Rxf5+ 29. Ke2 Qe4+ 30. Qe3 Qg4+ 31. Ke1 Rxf1+ 32. Kxf1 Rf8+ 33. Ke1 Be4 34. Qg3 Bd3 35. Bxg5 Qe2# 0-1


[Site "https://www.chess.com"]

[Event "Titled Tuesday Blitz July 4 Early 2023"]
[White "Semenova, Alina"]
[Black "Peiris, T G M"]
[WhiteFideId "24113875"]
[BlackFideId "9901310"]
[WhiteElo "2062"]
[BlackElo "2208"]
[Result "1/2-1/2"]
[Round "11"]
[TimeControl "180+2"]
[Date "2023.07.04"]
[WhiteClock "0:00:02"]
[BlackClock "0:00:07"]
[Board "152"]

1. e4 c5 2. Nf3 Nc6 3. d4 cxd4 4. Nxd4 Nf6 5. Nc3 d6 6. f3 g6 7. Be3 Bg7 8. Qd2 O-O 9. O-O-O a6 10. Kb1 Qc7 11. Bh6 b5 12. Bxg7 Kxg7 13. h4 h5 14. Rg1 Nxd4 15. Qxd4 Qc5 16. Nd5 Qxd4 17. Rxd4 Nxd5 18. exd5 Re8 19. g4 hxg4 20. fxg4 Bb7 21. h5 Rh8 22. Bd3 Rac8 23. hxg6 fxg6 24. Re1 Rc7 25. b3 Bc8 26. Rde4 Re8 27. Rf4 Rf8 28. Rxf8 Kxf8 29. Bxg6 Bxg4 30. Rf1+ Kg7 31. Bd3 Bc8 32. c4 bxc4 33. bxc4 a5 34. Kb2 Bb7 35. Kb3 Ba6 36. Rf4 Bc8 37. a3 Rc5 38. Re4 Kf6 39. Rf4+ Ke5 40. Re4+ Kf6 41. Be2 Bf5 42. Rf4 Ke5 43. Rh4 e6 44. Bf3 Bd3 45. dxe6 Kxe6 46. Bd5+ Ke5 47. Rh5+ Kd4 48. Rh4+ Ke3 49. Rg4 Kd2 50. Rg2+ Ke3 51. Rg3+ Ke2 52. Rg2+ Ke3 53. Rg3+ Kf4 54. Rf3+ Ke5 55. Rh3 Kd4 56. Rh4+ Ke3 57. Rh3+ Kd2 58. Rh2+ Ke3 59. Rh3+ Kd4 60. Rh4+ 1/2-1/2


[Site "https://www.chess.com"]

[Event "Titled Tuesday Blitz July 4 Early 2023"]
[White "Lohani, Sujana"]
[Black "Kiseleva, Arina"]
[WhiteFideId "12311987"]
[BlackFideId "4164989"]
[WhiteElo "1929"]
[BlackElo "2166"]
[Result "0-1"]
[Round "11"]
[TimeControl "180+2"]
[Date "2023.07.04"]
[WhiteClock "0:00:00"]
[BlackClock "0:00:10"]
[Board "153"]

1. d4 Nf6 2. Nf3 e6 3. g3 b5 4. Bg2 Bb7 5. O-O Be7 6. a4 b4 7. c4 a5 8. b3 O-O 9. Bb2 d6 10. Nbd2 Nbd7 11. Qc2 c5 12. e4 cxd4 13. Nxd4 Nc5 14. Rfe1 Rc8 15. Rad1 Qb6 16. Nb5 Rfd8 17. e5 dxe5 18. Bxe5 Bxg2 19. Kxg2 Nd3 20. Re3 Nxf2 21. Bxf6 Nxd1 22. Re2 Ne3+ 23. Rxe3 Qxe3 24. Nf1 Qc5 25. Bb2 Bf6 26. Bxf6 gxf6 27. Qb2 e5 28. Qc2 Qc6+ 29. Kh3 Qd7+ 30. Kg2 Qd1 31. Qf5 Qe2+ 32. Kh3 Kg7 33. Kh4 h5 34. h3 Rc6 0-1


[Site "https://www.chess.com"]

[Event "Titled Tuesday Blitz July 4 Early 2023"]
[White "Vila Dupla, Aurelio"]
[Black "Vargas, Mauricio"]
[WhiteFideId "2203383"]
[BlackFideId "4404572"]
[WhiteElo "2161"]
[BlackElo "1884"]
[Result "1-0"]
[Round "11"]
[TimeControl "180+2"]
[Date "2023.07.04"]
[WhiteClock "0:00:14"]
[BlackClock "0:00:00"]
[Board "154"]

1. Nf3 Nc6 2. d4 d5 3. c4 e6 4. g3 Nf6 5. Bg2 dxc4 6. Qa4 Bd6 7. Qxc4 O-O 8. O-O e5 9. d5 Ne7 10. e4 a6 11. b3 Bd7 12. Qc2 Bb5 13. Rd1 a5 14. Bb2 Ng6 15. Nbd2 Qe8 16. Nc4 b6 17. Rac1 Bc5 18. h3 Nh5 19. a3 Nxg3 20. b4 Bxc4 21. Qxc4 Bxf2+ 22. Kxf2 Nh5 23. Qxc7 Nhf4 24. Bxe5 Nxg2 25. Kxg2 Rc8 26. Qxc8 Qxc8 27. Rxc8 Rxc8 28. d6 Rc2+ 29. Kg1 Nxe5 30. Nxe5 1-0


[Site "https://www.chess.com"]

[Event "Titled Tuesday Blitz July 4 Early 2023"]
[White "Selkirk, Rebecca"]
[Black "Gavarrete, Nahun"]
[WhiteFideId "14306514"]
[BlackFideId "8400709"]
[WhiteElo "1980"]
[BlackElo "2343"]
[Result "1-0"]
[Round "11"]
[TimeControl "180+2"]
[Date "2023.07.04"]
[WhiteClock "0:00:31"]
[BlackClock "0:00:00"]
[Board "156"]

1. e4 e6 2. d4 d5 3. e5 c5 4. c3 Nc6 5. Nf3 Qb6 6. Bd3 Bd7 7. dxc5 Bxc5 8. O-O a5 9. Nbd2 Nge7 10. c4 O-O 11. b3 Ng6 12. Bb2 Rad8 13. cxd5 exd5 14. Rc1 Rfe8 15. Re1 Bxf2+ 16. Kh1 Bxe1 17. Qxe1 a4 18. Qg3 axb3 19. Nxb3 Qe3 20. Bb1 Ncxe5 21. Nxe5 Nxe5 22. Re1 Qxg3 23. hxg3 Nc4 24. Rxe8+ Rxe8 25. Bc3 Re2 26. Kh2 Ne3 27. Bd3 Rxa2 28. Nc5 Ra3 29. Nxd7 Rxc3 30. Be2 Rc2 31. Bf3 f6 32. Nb6 1-0


[Site "https://www.chess.com"]

[Event "Titled Tuesday Blitz July 4 Early 2023"]
[White "NtcPou"]
[Black "Cramling Bellon, Anna"]
[BlackFideId "32009232"]
[WhiteElo "2018"]
[BlackElo "2055"]
[Result "0-1"]
[Round "11"]
[TimeControl "180+2"]
[Date "2023.07.04"]
[WhiteClock "0:00:03"]
[BlackClock "0:00:04"]
[Board "157"]

1. e4 c5 2. Nf3 e6 3. g3 d5 4. exd5 exd5 5. Bg2 Nf6 6. d4 Nc6 7. O-O Be7 8. dxc5 O-O 9. a3 Bxc5 10. b4 Be7 11. Bb2 Be6 12. Nd4 Rc8 13. Nd2 Qb6 14. N2b3 Rfd8 15. Re1 Nxd4 16. Nxd4 Ne4 17. Nxe6 Qxe6 18. Qe2 f5 19. Kh1 Qb6 20. f3 Nf2+ 21. Kg1 Nd3+ 22. Kh1 Nf2+ 23. Kg1 Nd3+ 24. Kf1 Nxb2 25. Qxe7 Re8 26. Qxe8+ Rxe8 27. Rxe8+ Kf7 28. Rae1 Nc4 29. f4 Nd2+ 30. Ke2 Kxe8 31. Kxd2+ Kf7 32. Bxd5+ Kf8 33. c4 Qd4+ 34. Kc2 Qf2+ 35. Kd1 Qxh2 36. Re6 Qxg3 37. Rd6 Qxf4 38. Rd8+ Ke7 39. Rg8 Qd4+ 40. Kc2 f4 41. Rb8 Qf2+ 42. Kb3 Qe3+ 43. Ka4 g5 44. Rxb7+ Kd6 45. Rxh7 g4 46. Rh6+ Kc7 47. Rh7+ Kd8 48. Rh8+ Kd7 49. Rh7+ Ke8 50. Rh6 Kf8 51. Rh8+ Kg7 52. Rg8+ Kh7 53. Rxg4 f3 54. Rh4+ Kg6 55. Rg4+ Kf5 56. Rg8 f2 57. Rf8+ Kg5 58. Rg8+ Kh6 59. Rh8+ Kg7 60. Rg8+ Kh7 61. Rf8 Qe2 62. Rf7+ Kh8 63. Bg2 Qe8+ 64. Bc6 Qxf7 65. b5 f1=Q 66. Ka5 Q1xc4 67. Ka6 Qxc6+ 68. bxc6 Qd5 69. Kb7 a5 70. a4 Qb3+ 71. Kc8 Qxa4 72. c7 Qc6 73. Kb8 a4 74. c8=Q+ Qxc8+ 75. Kxc8 a3 0-1


[Site "https://www.chess.com"]